 Dungeon Crawl Stone Soup version bcrawl-1.20 (webtiles) character file.

Game seed: 2141998694482239710

786 Freyura the Agent of Entropy (level 7, -3/55 HPs)
             Began as a Demonspawn Abyssal Knight on Jan 19, 2020.
             Was a Priest of Lugonu.
             Splashed by a jelly's acid (4 damage)
             ... on level 4 of the Dungeon.
             The game lasted 00:09:28 (4482 turns).

Freyura the Agent of Entropy (DsAK)                 Turns: 4482, Time: 00:09:28

Health: -3/55      AC:  8    Str: 12    XL:     7   Next: 56%
Magic:  19/19      EV: 12    Int: 13    God:    Lugonu [***...]
Gold:   309        SH:  6    Dex: 15    Spells: 6/6 levels left

rFire    x . .     SeeInvis .   a - +2 mace
rCold    + . .     Gourm    .   i - +2 buckler
rNeg     . . .     Faith    .   h - +0 leather armour {rPois}
rPois    +         Spirit   .   (no helmet)
rElec    .         Reflect  .   j - +1 cloak
rCorr    .         Harm     .   d - +0 pair of gloves
MR       .....                  (no boots)
Stlth    +.........             (no amulet)
HPRegen  0.18/turn              l - ring of magical power
MPRegen  0.16/turn              o - ring of ice

@: no status effects
A: hooves 1, molten scales 1
a: Depart the Abyss, Bend Space, Banish, Renounce Religion


You were on level 4 of the Dungeon.
You worshipped Lugonu.
Lugonu was most pleased with you.
You were hungry.

You visited 1 branch of the dungeon, and saw 4 of its levels.
You visited the Abyss 1 time.

You collected 309 gold pieces.

Inventory:

Hand Weapons
 a - a +2 mace (weapon)
Missiles
 c - 903 stones (quivered)
Armour
 d - a +0 pair of gloves (worn)
 h - a +0 leather armour of poison resistance (worn)
 i - a +2 buckler (worn)
 j - a +1 cloak (worn)
Jewellery
 k - an uncursed amulet of rage {unknown}
 l - a ring of magical power (left hand)
 o - a ring of ice (right hand)
Scrolls
 b - 2 scrolls of remove curse
 f - 3 scrolls of teleportation
 m - a scroll of identify
 p - a scroll of enchant weapon
 q - a scroll of enchant armour {unknown}
Potions
 g - 2 potions of flight
 n - a potion of might
Comestibles
 e - 7 rations {!d}


   Skills:
 + Level 4.4 Fighting
 * Level 4.7 Maces & Flails
 + Level 3.3 Armour
 + Level 2.8 Dodging
 + Level 2.0 Shields
 + Level 4.9 Invocations


You had 6 spell levels left.
You didn't know any spells.
Your spell library contained the following spells:

 Spells                   Type           Power        Failure   Level  Hunger
 Confuse                  Hex            #.......     83%         3    ####...
 Dazzling Spray           Conj/Hex       #.....       83%         3    ####...
 Petrify                  Tmut/Erth      #.......     99%         4    #####..
 Yara's Violent Unravell  Hex/Tmut       #.........   99%         4    #####..
 Metabolic Englaciation   Hex/Ice        #.........   100%        5    ######.
 Mana Rupture             Conj/Hex       #.........   100%        7    #######


Dungeon Overview and Level Annotations

Branches:
Dungeon (4/12)
 Temple: D:4-7

Altars:


Innate Abilities, Weirdness & Mutations

You have large cloven feet.
You are partially covered in molten scales. (AC +2)


Message History

The troll is moderately wounded.
The troll bites you but does no damage. The troll claws you but does no damage.
The troll misses you.
You closely miss the troll.
The troll is lightly wounded.
The troll bites you. The troll claws you but does no damage.
The troll barely misses you. The jelly hits you but does no damage.
You hit the troll.
Space bends around the troll.
The troll is moderately wounded.
The troll bites you! The troll barely misses you.
The troll claws you but does no damage. The jelly barely misses you.
The troll bites you!
* * * LOW HITPOINT WARNING * * *
The troll claws you!
* * * LOW HITPOINT WARNING * * *
The troll claws you!
* * * LOW HITPOINT WARNING * * *
You see here a scorpion corpse.
You sock the jelly!
Your hands burn!
You die...

#...........### ...%#
#.............. #...#
#..........#... ##
##...####..........#... ...
.................^#... ....
...# ##..........#... $....
#.. #..........#...
......#.#########.######...
........TJ@.......# #...
......##.########## #...
..... #.# #### .... #.# ...
#.# .. ..# . ###


You could see a troll and a jelly.

Vanquished Creatures
  A water moccasin (D:3)
  2 sky beasts (D:4)
  2 bullfrogs
  A scorpion (D:4)
  A crimson imp (D:1)
  An orc priest (D:3)
  A hound (D:3)
  Jessica (D:2)
  An iguana (D:4)
  2 worker ants (D:4)
  3 adders
  2 oozes (D:1)
  3 worms
  3 dart slugs (D:1)
  3 leopard geckos (D:1)
  7 orcs
  2 bats
  2 giant cockroaches
  7 hobgoblins
  4 jackals (D:2)
  10 kobolds
  3 quokkas
  A ball python (D:2)
  4 frilled lizards
  4 goblins
  A quokka skeleton (D:2)
  8 rats
80 creatures vanquished.

Notes
Turn   | Place    | Note
-------+----------+-------------------------------------------
     0 | Abyss:1  | Freyura the Demonspawn Abyssal Knight began the quest for
                  | the Orb.
     0 | Abyss:1  | Reached XP level 1. HP: 18/18 MP: 2/2
    11 | D:1      | Escaped the Abyss
   118 | D:1      | Reached skill level 1 in Dodging
   118 | D:1      | Gained mutation: You have large cloven feet. [demonic
                  | ancestry]
   118 | D:1      | Reached XP level 2. HP: 19/24 MP: 4/4
   249 | D:1      | Reached ** piety under Lugonu
   338 | D:1      | Noticed a crimson imp
   352 | D:1      | Killed a crimson imp
   352 | D:1      | Reached XP level 3. HP: 22/29 MP: 5/5
   460 | D:1      | Reached XP level 4. HP: 32/35 MP: 6/6
   988 | D:2      | Noticed Jessica
   999 | D:2      | Killed Jessica
  1717 | D:3      | Gained mutation: You are partially covered in molten
                  | scales. (AC +2) [demonic ancestry]
  1717 | D:3      | Reached XP level 5. HP: 39/41 MP: 7/7
  1887 | D:2      | Reached *** piety under Lugonu
  3103 | D:3      | Noticed a water moccasin
  3126 | D:3      | Killed a water moccasin
  3126 | D:3      | Reached XP level 6. HP: 17/48 MP: 9/9
  3436 | D:3      | Reached skill level 1 in Shields
  3799 | D:4      | Noticed a hippogriff
  4058 | D:4      | Noticed a sky beast
  4059 | D:4      | Noticed a sky beast
  4062 | D:4      | Reached XP level 7. HP: 34/54 MP: 10/10
  4463 | D:4      | Noticed a troll
  4479 | D:4      | HP: 1/55 [troll (8)]
  4482 | D:4      | Splashed by a jelly's acid

Skill      XL: |  1  2  3  4  5  6  7 |
---------------+----------------------+-----
Maces & Flails | 2 3 4 |  4.7
Dodging        | 1 2 |  2.8
Invocations    | 3 4 |  4.9
Armour         | 2 3 |  3.3
Shields        | 1 2 |  2.0
Fighting       | 4 |  4.4

Action                   |  1- 3 |  4- 6 |  7- 9 || total
-------------------------+-------+-------+-------++-------
Melee: Mace              |    47 |   182 |    28 ||   257
       Kick              |     9 |    45 |     6 ||    60
  Use: Scroll            |       |     7 |       ||     7
       Potion            |       |     1 |       ||     1
  Eat: Chunk             |       |    10 |     1 ||    11
Armor: Leather armour    |    16 |    50 |     9 ||    75
Dodge: Dodged            |    26 |   110 |    16 ||   152
Block: Buckler           |       |    31 |     8 ||    39
